Map: Tours du crépuscule

Players

zidar - Winner!

  • Race: Zerg Zerg
  • League: Silver
  • Spawn Location: 1:00

Cuerden

  • Race: Terran Terran
  • League: Silver
  • Spawn Location: 7:00

VOD

Have the link to the VOD?

Description

Time

  • Played on: Nov. 21, 2015, 9:37 a.m.
  • Length: 18:52
Show
View Real Time Build Order
Export as new Build Order

zidar Zerg - Winner!

Build Orders: Hatch First, Muta Ling Bane 

Get SALT Encoding   

  12  0:01  Drone  
  13  0:08  Drone  
  14  0:17  Overlord  
  14  0:20  Extractor  
  13  0:23  Drone  
  15  0:35  Drone x2  
  18  0:57  Drone  
  18  1:01  Hatchery  
  17  1:11  Spawning Pool  
  17  1:14  Drone  
  17  1:20  Extractor  
  17  1:21  Drone  
  17  1:24  Drone  
  18  1:28  Drone  
  19  1:39  Overlord  
  19  2:01  Zergling x4  
  19  2:04  Queen  
  22  2:13  Queen  
  24  2:20  Drone  
  26  2:22  Drone  
  26  2:23  Drone  
  26  2:27  Metabolic Boost  
  27  2:30  Drone  
  28  2:39  Extractor, Drone  
  28  2:41  Drone  
  29  2:55  Baneling Nest  
  29  2:57  Drone x4  
  32  3:09  Drone x2  
  34  3:13  Lair  
  34  3:39  Spore Crawler  
  33  3:42  Hatchery  
  33  3:45  Spore Crawler  
  31  4:02  Baneling x2  
  31  4:03  Baneling  
  31  4:06  Overlord  
  31  4:07  Overlord x2  
  31  4:18  Spire  
  30  4:25  Zergling x4  
  30  4:26  Zergling x8  
  30  4:27  Zergling x2  
  37  4:35  Centrifical Hooks  
  37  4:49  Pneumatized Carapace  
  37  4:57  Drone x5  
  42  5:00  Drone  
  42  5:01  Drone  
  44  5:08  Drone x2  
  46  5:16  Queen  
  48  5:39  Extractor  
  48  5:41  Extractor  
  46  5:43  Queen  
  46  5:45  Queen  
  50  5:51  Zerg Flyer Weapons Level 1  
  50  6:01  Drone  
  50  6:03  Drone  
  50  6:04  Evolution Chamber, Drone x6  
  57  6:06  Evolution Chamber  
  56  6:20  Drone x2  
  56  6:22  Overlord x4  
  58  6:44  Mutalisk x5  
  68  6:57  Zerg Ground Armor Level 1, Zerg Melee Weapons Level 1  
  68  7:00  Zergling x2  
  68  7:01  Zergling x6  
  72  7:04  Baneling  
  72  7:05  Baneling x3  
  72  7:14  Drone  
  72  7:15  Drone  
  74  7:22  Drone x2  
  76  7:24  Drone  
  76  7:25  Drone  
  76  7:29  Drone x7  
  85  8:01  Extractor  
  85  8:03  Extractor  
  83  8:34  Overlord x3  
  83  8:35  Overlord x2  
  83  8:46  Hatchery  
  82  8:57  Drone  
  82  8:58  Drone x12  
  95  9:18  Zerg Ground Armor Level 2, Zerg Melee Weapons Level 2  
  95  9:21  Zergling x14  
  95  9:22  Zergling x10  
  107  9:24  Mutalisk  
  107  9:25  Mutalisk x6  
  107  9:28  Overlord  
  107  9:29  Overlord x3  
  121  10:18  Zerg Flyer Weapons Level 2  
  121  10:23  Infestation Pit  
  121  10:26  Zergling x2  
  121  10:27  Zergling x16  
  129  10:28  Baneling  
  129  10:29  Baneling x16  
  129  10:33  Mutalisk  
  129  10:34  Mutalisk x9  
  149  10:42  Overseer  
  149  10:44  Drone x3  
  152  11:48  Zergling x16  
  152  11:52  Overlord x4  
  152  11:53  Overlord x2  
  160  12:01  Hive  
  160  12:29  Extractor  
  159  12:34  Extractor  
  157  13:08  Zergling x14  
  157  13:09  Zergling x30  
  179  13:16  Zerg Melee Weapons Level 3, Zerg Ground Armor Level 3  
  179  13:26  Ultralisk Cavern  
  178  13:31  Zergling x2  
  178  13:32  Zergling x24  
  191  14:03  Hatchery  
  190  14:42  Baneling  
  190  14:43  Baneling x12  
  74  15:31  Ultralisk x3  
  74  15:32  Ultralisk x4  
  74  15:33  Ultralisk x4  
  74  15:34  Ultralisk x4  
  74  15:35  Ultralisk x3  
  178  16:01  Ultralisk  
  178  16:02  Ultralisk x2  
  196  16:25  Chitinous Plating  
  196  16:35  Extractor  
  195  16:41  Extractor  
  182  17:00  Ultralisk x2  
  182  17:01  Ultralisk  
  146  17:58  Ultralisk x3  
  164  17:59  Ultralisk x2  
Show
View Real Time Build Order
Export as new Build Order

Cuerden Terran 

Build Orders:  

Get SALT Encoding   

  12  0:03  SCV  
  13  0:15  SCV  
  13  0:19  Supply Depot  
  14  0:27  SCV  
  15  0:41  SCV  
  16  0:44  Barracks  
  16  0:50  Refinery  
  16  0:53  SCV  
  17  1:04  Refinery  
  17  1:05  SCV  
  18  1:19  SCV  
  19  1:25  Barracks  
  19  1:31  SCV  
  20  1:46  Marine  
  21  1:47  Supply Depot  
  21  1:55  SCV  
  22  2:07  SCV  
  23  2:14  Factory  
  23  2:17  Barracks Reactor, Bunker  
  23  2:19  Barracks Tech Lab  
  23  2:26  Supply Depot  
  23  2:30  Supply Depot  
  23  2:32  SCV  
  26  2:44  Marauder  
  26  2:47  SCV  
  27  2:59  Stimpack  
  27  3:00  Marine x2  
  29  3:07  Factory Tech Lab  
  29  3:18  Marine x2  
  33  3:20  Marauder  
  33  3:39  Marine x2  
  35  3:41  Siege Tank  
  38  3:52  Engineering Bay  
  38  3:57  Marauder  
  40  4:06  SCV  
  41  4:12  Supply Depot  
  41  4:17  Supply Depot  
  41  4:18  SCV  
  42  4:27  Siege Tank  
  42  4:30  SCV  
  46  4:34  Marine  
  46  4:35  Marine  
  48  4:43  Orbital Command  
  48  4:56  Armory  
  48  5:02  Missile Turret  
  48  5:08  Missile Turret  
  48  5:30  Marine x2  
  48  5:33  Siege Tank  
  53  5:48  Marine x2  
  55  5:57  Command Center  
  55  6:04  Marauder  
  57  6:34  Starport  
  57  6:37  Barracks  
  57  6:38  Supply Depot  
  57  6:40  Supply Depot  
  57  6:51  SCV  
  58  6:56  Terran Infantry Weapons Level 1  
  58  7:02  Combat Shield  
  58  7:04  SCV  
  59  7:14  Starport  
  59  7:16  SCV  
  60  7:23  Orbital Command  
  60  7:31  Starport Reactor  
  60  7:33  Refinery  
  60  7:40  Marine x2  
  60  7:43  Marauder  
  65  7:54  Barracks Reactor  
  65  7:55  Starport Tech Lab  
  64  8:00  Thor  
  70  8:08  SCV x2  
  72  8:20  SCV  
  73  8:39  Factory  
  73  8:40  Factory  
  73  8:44  Supply Depot  
  73  8:46  Supply Depot  
  73  8:49  Supply Depot  
  73  8:51  Supply Depot  
  73  8:55  Thor  
  73  8:57  SCV  
  80  9:04  Refinery  
  80  9:22  Command Center  
  80  9:24  Factory Tech Lab  
  80  9:25  Factory Tech Lab  
  80  9:36  SCV x2  
  80  9:38  Supply Depot  
  82  9:47  Thor  
  82  9:48  SCV  
  82  9:49  SCV  
  90  9:57  Terran Infantry Weapons Level 2  
  90  10:01  Supply Depot  
  90  10:08  Liberator  
  90  10:09  Terran Vehicle Weapons Level 1  
  90  10:14  Medivac x2  
  94  10:17  Rapid Reignition System  
  94  10:24  Supply Depot  
  97  10:43  Refinery  
  97  10:44  Planetary Fortress  
  97  10:47  Refinery  
  97  11:09  Thor  
  97  11:10  Thor  
  109  11:11  Marine  
  109  11:12  Marine x2  
  109  11:14  Marine  
  113  11:34  SCV x2  
  115  11:40  Thor  
  115  11:43  Medivac x2  
  125  11:48  SCV  
  125  11:54  Supply Depot  
  126  11:55  Supply Depot  
  126  12:00  SCV  
  127  12:04  Terran Vehicle And Ship Armor Level 1  
  127  12:12  SCV  
  127  12:13  Terran Infantry Armor Level 1  
  128  12:18  Missile Turret  
  128  12:22  Missile Turret  
  128  12:26  Missile Turret  
  128  12:27  Sensor Tower  
  128  12:30  SCV x3  
  128  12:35  Thor  
  137  12:41  Medivac x2  
  137  12:42  SCV  
  142  13:05  Marine x5  
  147  13:23  Marine x5  
  152  13:40  Marine  
  152  13:41  Marine x2  
  155  13:50  Command Center  
  155  13:59  Barracks  
  155  14:00  Barracks  
  155  14:01  Supply Depot  
  161  14:03  Supply Depot  
  161  14:07  Widow Mine  
  161  14:08  Widow Mine x2  
  161  14:23  Supply Depot  
  161  14:26  Supply Depot  
  161  14:27  Supply Depot  
  161  14:28  Supply Depot  
  161  14:29  Siege Tank  
  168  14:36  Widow Mine x2  
  168  14:57  Siege Tank x2  
  168  14:59  Terran Infantry Weapons Level 3  
  174  15:01  Siege Tank  
  174  15:02  Terran Vehicle Weapons Level 2  
  177  15:07  Infernal Pre-Igniter  
  176  15:17  Marine  
  176  15:18  Marine x4  
  118  15:29  Siege Tank  
  115  15:35  Marine  
  115  15:36  Marine x4  
  120  15:46  Medivac x2  
  124  15:53  Marine  
  124  15:54  Marine x4  
  129  16:11  Marine x3  
  129  16:12  Marine x2  
  134  16:22  Barracks  
  134  16:24  Barracks Reactor x2  
  134  16:29  Marine x5  
  139  16:47  Marine x5  
  94  17:00  Thor x2  
  94  17:01  Thor  
  112  17:04  Marine  
  112  17:05  Marine x3  
  117  17:10  Barracks  
  117  17:13  Barracks Tech Lab  
  117  17:22  Marine  
  116  17:23  Marine x3  
  103  17:49  Marine x7  
  82  18:07  Marine x5  
  82  18:24  Marine  
  83  18:31  Marine  
  83  18:32  Marine x3  
Tags
 
Add a new tag
Caveats
  • Supply blocks, unpowered buildings, or Contaminate may cause inaccurate times.
  • Supply counts are checked every 10 seconds.